 Dungeon Crawl Stone Soup version 0.30.0-29-ga12c61a403 (webtiles) character file.

Game seed: 763418754063193820

91 qw the Chopper (level 4, -3/28 HPs)
             Began as a Gargoyle Fighter on June 4, 2023.
             Slain by a gnoll
             ... wielding a +0 flail
              (5 damage)
             ... on level 3 of the Dungeon.
             The game lasted 00:00:52 (1739 turns).

qw the Chopper (Gargoyle Fighter)                   Turns: 1739, Time: 00:00:53

Health: -3/28      AC: 12    Str: 21    XL:     4   Next: 57%
Magic:  4/4        EV:  9    Int:  9    God:
Gold:   68         SH:  4    Dex:  9    Spells: 3/3 levels left

rFire   . . .        Y - +0 war axe
rCold   . . .        c - +0 buckler
rNeg    + . .        b - +0 scale mail
rPois   inf          k - +0 helmet
rElec   +            (no cloak)
rCorr   .            (no gloves)
SInv    .            e - +0 pair of boots
Will    .....        (no amulet) Stlth
                     (no ring)
HPRegen 0.24/turn    (no ring)
MPRegen 0.09/turn

%: no passive effects
@: no status effects
A: sickness immunity, AC +3, negative energy resistance 1, electricity
resistance, torment resistance 1, petrification resistance
a: no special abilities


You were on level 3 of the Dungeon.
You visited 1 branch of the dungeon, and saw 3 of its levels.

You collected 68 gold pieces.


Innate Abilities, Weirdness & Mutations

You are immune to sickness and miasma.
Your stone body is resilient. (AC +3)
You are immune to poison.
You resist negative energy. (rN+)
You are resistant to electric shocks. (rElec)
You are resistant to unholy torment.
You are immune to petrification.


   Skills:
 - Level 3.2 Fighting
 + Level 4.2 Axes
 - Level 3.2 Armour
 - Level 3.2 Shields


You had 3 spell levels left.
You didn't know any spells.
Your spell library was empty.

Inventory:

Hand Weapons
 h - a +0 morningstar
 Y - a +0 war axe (weapon)
Armour
 b - a +0 scale mail (worn)
 c - a +0 buckler (worn)
 e - a +0 pair of boots (worn)
 k - a +0 helmet (worn)
Scrolls
 a - a scroll of identify
Potions
 d - 2 potions of might
 f - a potion of mutation
 g - a potion of attraction
 i - a potion of heal wounds {unknown}
 m - a potion of haste {unknown}

Dungeon Overview and Level Annotations

Branches:
Dungeon (3/15)

Altars:


Message History

The gnoll barely misses you. The gnoll completely misses you.
The gnoll hits you with a +0 whip! The gnoll hits you but does no damage.
Enter note: You struggle against the net.
The gnoll hits you with a +0 whip. The gnoll hits you but does no damage.
The gnoll hits you but does no damage.
A frilled lizard comes into view.
The gnoll barely misses you. The gnoll hits you but does no damage.
The gnoll hits you with a +0 whip. The gnoll hits you with a +0 whip.
The gnoll hits you but does no damage. The gnoll hits you with a +0 whip.
The gnoll hits you but does no damage. The gnoll hits you with a +0 whip.
Enter note:
Enter note: You shred the net and break free!
The gnoll hits you with a +0 whip.
You slash the gnoll!
The gnoll is severely wounded.
The gnoll hits you with a +0 whip. The gnoll hits you but does no damage.
You barely miss the gnoll.
The gnoll is severely wounded.
The gnoll hits you but does no damage.
You hit the gnoll but do no damage.
The gnoll is severely wounded.
The gnoll hits you but does no damage.
You slash the gnoll!
You kill the gnoll!
The gnoll hits you but does no damage.
You barely miss the gnoll. You block the gnoll's attack.
You hit the gnoll.
The gnoll is heavily wounded.
The gnoll hits you with a +0 flail.
You die...

#....##.###.....#..#.###
#..#......###...##.#
.###......####....## .#
..................#
.....<..######....#
####....#### #....#
#...#....# #....# $
....#.##...###.##.#..?.
...... #.....%)@gl..#
..##. #.....####..## ..
............. ....
.<##.#......### ..##
#.#...#### ... .......
## ...#...# #.#..##


You could see a gnoll and a frilled lizard.

Vanquished Creatures
  2 gnolls (D:3)
  3 adders
  A dart slug (D:1)
  An endoplasm (D:2)
  2 giant cockroaches (D:2)
  5 goblins (D:1)
  8 hobgoblins
  2 jackals (D:3)
  2 kobolds
  3 quokkas
  2 ball pythons
  5 bats
  2 frilled lizards (D:1)
  2 rats
40 creatures vanquished.

Notes
Turn   | Place    | Note
-------+----------+-------------------------------------------
     0 | D:1      | qw the Gargoyle Fighter began the quest for the Orb.
     0 | D:1      | Reached XP level 1. HP: 14/14 MP: 1/1
     0 | D:1      | 0 ||| qw: Version: 0.2-a-107-g4668610
     0 | D:1      | 0 ||| qw: Game counter: 1182
     0 | D:1      | 0 ||| qw: Always use a shield: true
     0 | D:1      | 0 ||| qw: God list: Okawaru
     0 | D:1      | 0 ||| qw: Allow faded altars: false
     0 | D:1      | 0 ||| qw: Do Orc after D:15 true
     0 | D:1      | 0 ||| qw: Do second Lair branch before Depths: true
     0 | D:1      | 0 ||| qw: Lair rune preference: random
     0 | D:1      | 0 ||| qw: Plans: Normal, Zot:1-4, Slime:5, God:TSO, Crypt,
                  | Tomb, Abyss, Pan, Hells, Win
     0 | D:1      | 0 ||| PLANNING D:1-11
    77 | D:1      | Reached skill level 2 in Axes
    85 | D:1      | 85 ||| Stepping ~*~*~tactically~*~*~ (stealth).
   101 | D:1      | Reached XP level 2. HP: 18/19 MP: 2/2
   500 | D:1      | Reached skill level 3 in Axes
   748 | D:1      | 748 ||| UPGRADING to +0 pair of boots.
   753 | D:1      | 753 ||| UPGRADING to +0 helmet.
   758 | D:1      | 758 ||| READING 2 scrolls labelled IDEANY GOIQ SUYMP.
   759 | D:1      | 759 ||| READING scroll labelled KEATAALOEN.
   860 | D:1      | 860 ||| DRINKING 2 white potions.
   909 | D:2      | Reached XP level 3. HP: 23/23 MP: 3/3
   938 | D:2      | 938 ||| Stepping ~*~*~tactically~*~*~ (stealth).
  1096 | D:2      | 1096 ||| DROPPING +0 club.
  1316 | D:2      | Found a faded altar of an unknown god.
  1438 | D:2      | 1438 ||| DROPPING +0 mace.
  1592 | D:2      | 1592 ||| DROPPING ring of wizardry.
  1593 | D:2      | 1593 ||| READING scroll labelled ZUAHIGADOCS.
  1598 | D:2      | 1598 ||| READING 2 scrolls of identify.
  1598 | D:2      | 1598 ||| IDENTIFYING emerald potion
  1617 | D:3      | Reached XP level 4. HP: 28/28 MP: 4/4
  1645 | D:3      | 1645 ||| Stepping ~*~*~tactically~*~*~ (stealth).
  1664 | D:3      | Reached skill level 4 in Axes
  1686 | D:3      | 1686 ||| Stepping ~*~*~tactically~*~*~ (stealth).
  1728 | D:3      | HP: 5/28 [gnoll/+0 whip (4)]
  1732 | D:3      | HP: 2/28 [gnoll/+0 whip (2)]
  1739 | D:3      | Slain by a gnoll

Levels and vault maps discovered:
D:1:      dpeg_arrival_pits, layout_basic, serial_aquarium,
          aquarium_bridge_long_separate [aquarium_subvault_bridge,
          aquarium_subvault_bridge, aquarium_subvault_wall,
          aquarium_subvault_bridge, aquarium_subvault_wall,
          aquarium_subvault_wall], aquarium_bridge_straight
          [aquarium_subvault_bridge, aquarium_subvault_window,
          aquarium_subvault_bridge, aquarium_subvault_wall],
          aquarium_window_fake, aquarium_window_1, aquarium_window_2,
          aquarium_view_2b, aquarium_view_2d
D:2:      layout_loops_cross, ebering_ecumenical_altar_rust,
          minmay_misc_feat_square
D:3:      layout_rooms, gammafunk_ghost_necromancy, minmay_rat_hole

Skill      XL: |  1  2  3  4 |
---------------+-------------+-----
Axes           | 2 3 4 |  4.2
Fighting       | |  3.2
Armour         | |  3.2
Shields        | |  3.2

Action                     |  1- 3 |  4- 6 || total
---------------------------+-------+-------++-------
  Melee: War axe           |    94 |    17 ||   111
    Use: Scroll            |     4 |       ||     4
         Potion            |     1 |       ||     1
 Armour: Scale mail        |    51 |    20 ||    71
  Dodge: Dodged            |    41 |    18 ||    59
  Block: Buckler           |    14 |     3 ||    17

Table legend:
 A = Non-vault XP
 B = Vault XP
 C = Vault XP percentage of total XP
 D = Non-vault monster count
 E = Vault monster count
 F = Vault count percentage of total count
                 A         B        C        D         E       F
            +---------+---------+-------+---------+---------+-------
      Total |     130 |       0 |   0.0 |      40 |       0 |   0.0
            +---------+---------+-------+---------+---------+-------
        D:1 |      32 |       0 |   0.0 |      19 |       0 |   0.0
        D:2 |      45 |       0 |   0.0 |      12 |       0 |   0.0
        D:3 |      53 |       0 |   0.0 |       9 |       0 |   0.0
            +---------+---------+-------+---------+---------+-------
